 Dungeon Crawl Stone Soup version 0.23.2-1-ga50397a (webtiles) character file.

Game seed: 4764112483349180627

2373 Lickle the Agent of Entropy (level 9, -10/54 HPs)
             Began as a Gargoyle Abyssal Knight on May 8, 2019.
             Was a Priest of Lugonu.
             Killed from afar by an adder (26 damage)
             ... with an exploding inner flame
             ... hexed by the player character
             ... on level 6 of the Dungeon.
             The game lasted 00:22:52 (4801 turns).

Lickle the Agent of Entropy (GrAK)                  Turns: 4801, Time: 00:22:53

Health: -10/54     AC: 17    Str: 23    XL:     9   Next: 45%
Magic:  13/13      EV: 19    Int: 12    God:    Lugonu [***...]
Gold:   15         SH:  5    Dex: 16    Spells: 8/8 levels left

rFire    . . .     SeeInvis .   g - +2 mace (venom)
rCold    . . .     Gourm    +   i - +0 buckler
rNeg     + . .     Faith    .   t - +2 ring mail {MR+}
rPois    ∞         Spirit   .   b - +0 helmet
rElec    +         Reflect  .   (no cloak)
rCorr    .         Harm     .   o - +1 pair of gloves
MR       +....                  (no boots)
Stlth    +++.......             k - amulet of the gourmand
HPRegen  0.18/turn              (no ring)
MPRegen  0.13/turn              (no ring)

@: mighty, agile, hasted, very quick
A: negative energy resistance 1, electricity resistance, unbreathing,
petrification resistance, rot immunity, AC +6
a: Depart the Abyss, Bend Space, Banish, Renounce Religion


You were on level 6 of the Dungeon.
You worshipped Lugonu.
Lugonu was most pleased with you.
You were very full.

You visited 2 branches of the dungeon, and saw 7 of its levels.
You visited the Abyss 1 time.
You also visited: Ossuary.

You collected 288 gold pieces.
You spent 273 gold pieces at shops.

Inventory:

Hand Weapons
 g - a +2 mace of venom (weapon)
Armour
 b - a +0 helmet (worn)
 i - a +0 buckler (worn)
 m - the +0 pair of gloves of Beogh's Reproof {rElec rF+ rCorr}
   (You found it on level 4 of the Dungeon)

   It protects you from fire.
   It insulates you from electricity.
   It provides partial protection from all sources of acid and corrosion.
 o - a +1 pair of gloves (worn)
 t - a +2 ring mail of magic resistance (worn)
 x - the +1 robe of the Unseen Realm {Regen+ rCorr Int+3 Dex+3}
   (You bought it in a shop on level 5 of the Dungeon)

   It affects your intelligence (+3).
   It affects your dexterity (+3).
   It increases your rate of regeneration.
   It provides partial protection from all sources of acid and corrosion.
Jewellery
 k - an amulet of the gourmand (around neck)
Wands
 p - a wand of scattershot (6)
 q - a wand of clouds (6)
 u - a wand of random effects (24)
Scrolls
 a - a scroll of fog
 f - 3 scrolls of teleportation
 h - a scroll of immolation
Potions
 d - 3 potions of haste
 e - a potion of lignification
 j - 2 potions of flight
 l - 3 potions of curing
 n - a potion of ambrosia
 r - 2 potions of heal wounds
 s - a potion of agility
 v - a potion of brilliance {unknown}
 w - a potion of might
Comestibles
 c - 9 rations


   Skills:
 - Level 5.0 Fighting
 - Level 5.1 Maces & Flails
 - Level 5.0 Armour
 * Level 4.5 Dodging
 - Level 5.0 Stealth
 - Level 5.0 Shields
 - Level 6.1 Invocations


You had 8 spell levels left.
You didn't know any spells.
Your spell library contained the following spells:

 Spells                   Type           Power        Failure   Level  Hunger
 Summon Small Mammal      Summ           #...         45%         1    ##.....
 Call Imp                 Summ           #.......     58%         2    ###....
 Call Canine Familiar     Summ           #.......     83%         3    ####...
 Summon Guardian Golem    Hex/Summ       #.......     83%         3    ####...
 Summon Ice Beast         Ice/Summ       #.......     99%         4    #####..
 Summon Lightning Spire   Summ/Air       #.......     99%         4    #####..


Dungeon Overview and Level Annotations

Branches:
Dungeon (6/15)             Temple (1/1) D:5

Altars:
Ashenzari
Cheibriados
Dithmenos
Elyvilon
Fedhas
Hepliaklqana
Kikubaaqudgha
Makhleb
Nemelex Xobeh
Okawaru
Qazlal
Sif Muna
Trog
Uskayaw
Vehumet
Wu Jian
Xom
Yredelemnul
Zin
The Shining One

Shops:
D:5 ![


Innate Abilities, Weirdness & Mutations

You are resistant to torment.
Your stone body is resilient. (AC +6)
You are immune to poison.
You resist negative energy. (rN+)
You are resistant to electric shocks. (rElec)
You can survive without breathing.
You are immune to petrification.
You are immune to rotting.


Message History

There are monsters nearby!
A bullfrog comes into view.
You start resting.
The adder is too close now for your liking.
You bludgeon the leopard gecko!!
You kill the leopard gecko!
Lugonu accepts your kill.
You start resting.
The adder is too close now for your liking.
You are too injured to fight recklessly!
You are too injured to fight recklessly!
The adder completely misses you.
You barely miss the adder. The adder bites you but does no damage.
You sock the adder!
The adder is poisoned.
The adder is severely wounded.
You block the adder's attack.
You thump the adder!
The adder explodes!
The fiery explosion engulfs you!!
You die...

#>...............#
#................#
#................# #≈#
#................######(#
#..[.............S...##≈#
#................###.##≈#####
##..........<§§.## #..#≈#...#
##..........§§#####.##≈#.#
##.......<.§§@.†....#'#.#
##.<.................F.#
#.........#######.....#
#.........# #####......
#.........# .#####
#.........# . #.......... ..
#.........# .. .......... ##.


There were no monsters in sight!

Vanquished Creatures
  The ghost of XPEneeg3 the Cleaver, a novice HOFi (D:6)
  A hippogriff (D:5)
  A water moccasin (D:5)
  2 phantoms
  A sky beast (D:5)
  A bullfrog (D:6)
  2 scorpions
  2 howler monkeys
  A bullfrog zombie (D:5)
  A crimson imp (D:5)
  5 centaur zombies
  A bullfrog skeleton (D:5)
  3 orc priests
  2 hounds (D:5)
  Ijyb (D:3)
  A centaur skeleton (D:5)
  An iguana (D:5)
  7 orc wizards
  A worker ant (D:5)
  4 big kobold zombies (Ossuary)
  4 mummies (Ossuary)
  2 hound skeletons (D:5)
  4 gnolls
  2 adders
  2 oozes (D:1)
  2 adder skeletons (D:4)
  3 worms
  3 dart slugs
  4 leopard geckos
  19 orcs
  7 bats
  4 giant cockroaches (D:1)
  4 goblins
  5 hobgoblins
  4 jackals (D:1)
  4 kobolds
  2 quokkas
  5 ball pythons
  3 frilled lizards
  A hobgoblin zombie (Ossuary)
  2 leopard gecko skeletons (D:4)
  A quokka zombie (D:5)
  5 rats
131 creatures vanquished.

Vanquished Creatures (others)
  A plant (D:5)
1 creature vanquished.

Grand Total: 132 creatures vanquished

Notes
Turn   | Place    | Note
-------+----------+-------------------------------------------
     0 | Abyss:1  | Lickle the Gargoyle Abyssal Knight began the quest for the
                  | Orb.
     0 | Abyss:1  | Reached XP level 1. HP: 14/14 MP: 2/2
    27 | Abyss:1  | Found a burning altar of Makhleb.
    77 | Abyss:1  | Noticed a small abomination
    77 | Abyss:1  | Noticed a wight
    78 | D:1      | Escaped the Abyss
   204 | D:1      | Reached XP level 2. HP: 18/19 MP: 3/3
   212 | D:1      | Reached * piety under Lugonu
   291 | D:1      | Reached skill level 1 in Dodging
   336 | D:1      | Reached XP level 3. HP: 23/24 MP: 4/4
   842 | D:2      | Found a bloodstained altar of Trog.
   842 | D:2      | Found an ornate altar of the Wu Jian Council.
   843 | D:2      | Found a shattered altar of Ashenzari.
   913 | D:2      | Reached skill level 1 in Stealth
  1116 | D:2      | Reached XP level 4. HP: 28/29 MP: 5/5
  1151 | D:2      | Found an ancient bone altar of Kikubaaqudgha.
  1152 | D:2      | Found a glowing golden altar of the Shining One.
  1155 | D:2      | Found a shimmering altar of Xom.
  1155 | D:2      | Found a hazy altar of Hepliaklqana.
  1379 | D:3      | Noticed Ijyb
  1384 | D:3      | Killed Ijyb
  1389 | D:3      | Reached skill level 1 in Shields
  1395 | D:3      | Reached XP level 5. HP: 24/33 MP: 6/6
  1495 | D:3      | Reached ** piety under Lugonu
  2143 | D:4      | Got a pair of spiked gloves
  2160 | D:4      | Reached XP level 6. HP: 38/39 MP: 7/7
  2166 | D:4      | Identified the cursed +0 pair of gloves of Beogh's Reproof
                  | {rElec rF+ rCorr} (You found it on level 4 of the Dungeon)
  2371 | D:4      | Found a sand-covered staircase.
  2378 | Ossuary  | Entered an ossuary
  2564 | Ossuary  | Reached skill level 3 in Invocations
  2583 | Ossuary  | Reached XP level 7. HP: 36/44 MP: 9/9
  2615 | Ossuary  | Reached skill level 5 in Fighting
  3203 | D:5      | Entered Level 5 of the Dungeon
  3236 | D:5      | Reached *** piety under Lugonu
  3263 | D:5      | Reached XP level 8. HP: 37/49 MP: 10/10
  3306 | D:5      | Reached skill level 5 in Armour
  3439 | D:5      | Found Yqoacw's Distillery.
  3450 | D:5      | Bought a potion of curing for 42 gold pieces
  3450 | D:5      | Bought a potion of might for 56 gold pieces
  3450 | D:5      | Bought a potion of agility for 56 gold pieces
  3547 | D:5      | Found a staircase to the Ecumenical Temple.
  3562 | D:5      | Reached skill level 4 in Invocations
  3629 | D:5      | Noticed a hippogriff
  3632 | Temple   | Entered the Ecumenical Temple
  3876 | D:5      | Killed a hippogriff
  4131 | D:5      | Reached skill level 5 in Shields
  4165 | D:5      | Found Baumen's Antique Armour Boutique.
  4165 | D:5      | Found a white marble altar of Elyvilon.
  4177 | D:5      | Bought an ancient robe for 119 gold pieces
  4187 | D:5      | Identified the cursed +1 robe of the Unseen Realm {Regen+
                  | rCorr Int+3 Dex+3} (You bought it in a shop on level 5 of
                  | the Dungeon)
  4448 | D:5      | Reached skill level 5 in Stealth
  4562 | D:5      | Reached XP level 9. HP: 50/54 MP: 12/12
  4719 | D:6      | Found a runed translucent door.
  4725 | D:6      | Noticed XPEneeg3's ghost (novice HOFi)
  4758 | D:6      | Reached skill level 5 in Maces & Flails
  4778 | D:6      | Killed XPEneeg3's ghost
  4778 | D:6      | Reached skill level 6 in Invocations
  4801 | D:6      | Killed from afar by an adder

Skill      XL: |  1  2  3  4  5  6  7  8  9 |
---------------+----------------------------+-----
Dodging        | 1 2 3 4 |  4.5
Stealth        | 1 2 3 5 |  5.0
Fighting       | 4 5 |  5.0
Shields        | 1 2 3 5 |  5.0
Armour         | 3 4 5 |  5.0
Maces & Flails | 3 4 5 |  5.1
Invocations    | 3 4 6 |  6.1

Action                   |  1- 3 |  4- 6 |  7- 9 || total
-------------------------+-------+-------+-------++-------
Melee: Mace              |   117 |   155 |   309 ||   581
Invok: Depart the Abyss  |     1 |       |       ||     1
  Use: Scroll            |     1 |    10 |     7 ||    18
       Potion            |     1 |     7 |     8 ||    16
 Stab: Invisible         |       |       |     2 ||     2
  Eat: Chunk             |       |     7 |    10 ||    17
       Ration            |       |       |     1 ||     1
Armor: Ring mail         |    64 |   143 |   224 ||   431
Dodge: Dodged            |    64 |   135 |   262 ||   461
Block: Buckler           |     1 |    42 |    82 ||   125
